TOP OF THE 1ST |
Orlando Calrissian batting - Pitching for Austin River Sharks : LHP Walter Bamber
|
Pitching: LHP Walter Bamber
|
|
Batting: LHB Leo Wyeth
|
0-0: Ball 1-0: Called Strike 1-1: Called Strike 1-2: Foul Ball, location: 2F 1-2: Fly out, F3 (Line Drive, 3)
|
Batting: RHB Jesús Maes
|
0-0: Foul Ball, location: 2F 0-1: Swinging Strike 0-2: Foul Ball, location: 2F 0-2: Strikes out swinging
|
Batting: LHB Santiago Márquez
|
0-0: Called Strike 0-1: Ball 1-1: Ground out 6-3 (Groundball, 6M)
|
Top of the 1st over - 0 run(s), 0 hit(s), 0 error(s), 0 left on base; Orlando 0 - Austin 0 |
BOTTOM OF THE 1ST |
Austin River Sharks batting - Pitching for Orlando Calrissian : RHP Dema Mitenkov
|
Pitching: RHP Dema Mitenkov
|
|
Batting: LHB Miguel Pérez
|
0-0: Called Strike 0-1: Hit by Pitch
|
Batting: LHB Luis Padilla
|
0-0: Called Strike 0-1: Foul Ball, location: 2F 0-2: DOUBLE (Flyball, 9LD) Miguel Pérez to third Runner from 3rd tries for Home, SAFE, no throw or cutoff
|
Batting: LHB Roberto García
|
0-0: Ball 1-0: Ground out 4-3 (Groundball, 34) Luis Padilla to third
|
Batting: LHB Pedro Zaragoza
|
0-0: Ball 1-0: Foul Ball, location: 2F 1-1: Called Strike 1-2: Strikes out swinging
|
Batting: SHB Juan Castro
|
0-0: Called Strike 0-1: Swinging Strike 0-2: Ball 1-2: Ball 2-2: Ball 3-2: Base on Balls
|
Batting: RHB Rich Ruffin
|
0-0: Foul Ball, location: 2F 0-1: Ball 1-1: Foul Ball, location: 2F 1-2: Ball 2-2: Fly out, F8 (Flyball, 8RM)
|
Bottom of the 1st over - 1 run(s), 1 hit(s), 0 error(s), 2 left on base; Orlando 0 - Austin 1 |
TOP OF THE 2ND |
Orlando Calrissian batting - Pitching for Austin River Sharks : LHP Walter Bamber
|
Batting: SHB Mark Simmons
|
0-0: Foul Ball, location: 2F 0-1: Ball 1-1: Ball 2-1: Ball 3-1: Swinging Strike 3-2: Strikes out swinging
|
Batting: LHB Rubén Díaz
|
0-0: Ball 1-0: Ball 2-0: Ground out 3-1 (Groundball, 34)
|
Batting: RHB Jorge Rodríguez
|
0-0: Ball 1-0: Foul Ball, location: 2F 1-1: Swinging Strike 1-2: Strikes out looking
|
Top of the 2nd over - 0 run(s), 0 hit(s), 0 error(s), 0 left on base; Orlando 0 - Austin 1 |
BOTTOM OF THE 2ND |
Austin River Sharks batting - Pitching for Orlando Calrissian : RHP Dema Mitenkov
|
Batting: RHB Kenneth Roberts
|
0-0: Called Strike 0-1: Called Strike 0-2: Strikes out swinging
|
Batting: LHB Terry Maloney
|
0-0: Foul Ball, location: 2F 0-1: Ball 1-1: Ground out 6-3 (Groundball, 6)
|
Batting: RHB Edouard Padovano
|
0-0: Ball 1-0: Ball 2-0: Ball 3-0: Called Strike 3-1: Base on Balls
|
Batting: LHB Miguel Pérez
|
0-0: Called Strike 0-1: Foul Ball, location: 2F 0-2: Ground out U3 (Groundball, 3)
|
Bottom of the 2nd over - 0 run(s), 0 hit(s), 0 error(s), 1 left on base; Orlando 0 - Austin 1 |
TOP OF THE 3RD |
Orlando Calrissian batting - Pitching for Austin River Sharks : LHP Walter Bamber
|
Batting: LHB Bryan Foster
|
0-0: Foul Ball, location: 2F 0-1: Ball 1-1: Ball 2-1: Swinging Strike 2-2: Foul Ball, location: 2F 2-2: Strikes out swinging
|
Batting: SHB Tim Abbott
|
0-0: Swinging Strike 0-1: Ball 1-1: Fly out, F2 (Popup, 2LF)
|
Batting: RHB Eugene Gill
|
0-0: Foul Ball, location: 2F 0-1: Ball 1-1: Foul Ball, location: 2F 1-2: Strikes out swinging
|
Top of the 3rd over - 0 run(s), 0 hit(s), 0 error(s), 0 left on base; Orlando 0 - Austin 1 |
BOTTOM OF THE 3RD |
Austin River Sharks batting - Pitching for Orlando Calrissian : RHP Dema Mitenkov
|
Batting: LHB Luis Padilla
|
0-0: Called Strike 0-1: Swinging Strike 0-2: Ground out 4-3 (Groundball, 4M)
|
Batting: LHB Roberto García
|
0-0: Ball 1-0: Called Strike 1-1: Swinging Strike 1-2: Ball 2-2: Ball 3-2: Base on Balls
|
Batting: LHB Pedro Zaragoza
|
0-0: Grounds into double play, U4-3 (Groundball, 4)
|
Bottom of the 3rd over - 0 run(s), 0 hit(s), 0 error(s), 0 left on base; Orlando 0 - Austin 1 |
TOP OF THE 4TH |
Orlando Calrissian batting - Pitching for Austin River Sharks : LHP Walter Bamber
|
Batting: LHB Leo Wyeth
|
0-0: Foul Ball, location: 2F 0-1: Called Strike 0-2: Strikes out swinging
|
Batting: RHB Jesús Maes
|
0-0: Ball 1-0: Ground out 1-3 (Groundball, 25)
|
Batting: LHB Santiago Márquez
|
0-0: Ball 1-0: Swinging Strike 1-1: Foul Ball, location: 2F 1-2: Fly out, F7 (Line Drive, 78D)
|
Top of the 4th over - 0 run(s), 0 hit(s), 0 error(s), 0 left on base; Orlando 0 - Austin 1 |
BOTTOM OF THE 4TH |
Austin River Sharks batting - Pitching for Orlando Calrissian : RHP Dema Mitenkov
|
Batting: SHB Juan Castro
|
0-0: Ball 1-0: Swinging Strike 1-1: Ball 2-1: Ground out 6-3 (Groundball, 6M)
|
Batting: RHB Rich Ruffin
|
0-0: Ball 1-0: Ball 2-0: Ball 3-0: Called Strike 3-1: Base on Balls
|
Batting: RHB Kenneth Roberts
|
0-0: Fly out, F7 (Line Drive, 78M)
|
Batting: LHB Terry Maloney
|
0-0: Called Strike 0-1: Hit by Pitch Rich Ruffin to second
|
Pinch Runner at 1st Hidetada Kichida:
|
|
Batting: RHB Edouard Padovano
|
0-0: Foul Ball, location: 2F 0-1: Ball 1-1: Ball 2-1: Called Strike 2-2: Foul Ball, location: 2F 2-2: SINGLE (Groundball, 6MD) Rich Ruffin to third Hidetada Kichida to second Runner from 3rd tries for Home, SAFE, throw made home Hidetada Kichida to third Edouard Padovano to second
|
Batting: LHB Miguel Pérez
|
0-0: Called Strike 0-1: Ground out 6-3 (Groundball, 6M)
|
Bottom of the 4th over - 1 run(s), 1 hit(s), 0 error(s), 2 left on base; Orlando 0 - Austin 2 |
TOP OF THE 5TH |
Orlando Calrissian batting - Pitching for Austin River Sharks : LHP Walter Bamber
|
Now in RF: Hidetada Kichida
|
|
Batting: SHB Mark Simmons
|
0-0: Foul Ball, location: 2F 0-1: Swinging Strike 0-2: Ball 1-2: Ball 2-2: Strikes out looking
|
Batting: LHB Rubén Díaz
|
0-0: Ball 1-0: Called Strike 1-1: Called Strike 1-2: Ground out 4-3 (Groundball, 4)
|
Batting: RHB Jorge Rodríguez
|
0-0: Ball 1-0: Swinging Strike 1-1: Ground out 5-3 (Groundball, 56S)
|
Top of the 5th over - 0 run(s), 0 hit(s), 0 error(s), 0 left on base; Orlando 0 - Austin 2 |
BOTTOM OF THE 5TH |
Austin River Sharks batting - Pitching for Orlando Calrissian : RHP Dema Mitenkov
|
Batting: LHB Luis Padilla
|
0-0: Swinging Strike 0-1: Ball 1-1: Ball 2-1: Ball 3-1: Foul Ball, location: 2F 3-2: Base on Balls
|
Batting: LHB Roberto García
|
0-0: Fly out, F7 (Popup, 7LS)
|
Batting: LHB Pedro Zaragoza
|
0-0: Foul Ball, location: 2F 0-1: Called Strike 0-2: Ball 1-2: Ball 2-2: Strikes out looking
|
Batting: SHB Juan Castro
|
0-0: Ball 1-0: Called Strike 1-1: Ball 2-1: Ball 3-1: Base on Balls Luis Padilla to second
|
Batting: RHB Rich Ruffin
|
0-0: Foul Ball, location: 2F 0-1: Ground out 6-3 (Groundball, 6)
|
Bottom of the 5th over - 0 run(s), 0 hit(s), 0 error(s), 2 left on base; Orlando 0 - Austin 2 |
TOP OF THE 6TH |
Orlando Calrissian batting - Pitching for Austin River Sharks : LHP Walter Bamber
|
Batting: LHB Bryan Foster
|
0-0: Called Strike 0-1: Fly out, F4 (Line Drive, 4)
|
Batting: SHB Tim Abbott
|
0-0: Called Strike 0-1: Ball 1-1: Reached on error, E4 (Groundball, 4)
|
Batting: RHB Eugene Gill
|
0-0: Called Strike 0-1: Ball 1-1: Foul Ball, location: 2F 1-2: Strikes out looking
|
Batting: LHB Leo Wyeth
|
0-0: Fielders Choice at 2nd, U4 (Groundball, 4M)
|
Top of the 6th over - 0 run(s), 0 hit(s), 1 error(s), 1 left on base; Orlando 0 - Austin 2 |
BOTTOM OF THE 6TH |
Austin River Sharks batting - Pitching for Orlando Calrissian : RHP Dema Mitenkov
|
Batting: RHB Kenneth Roberts
|
0-0: Ball 1-0: Called Strike 1-1: Swinging Strike 1-2: Ball 2-2: Fly out, F7 (Flyball, 7LD)
|
Batting: RHB Hidetada Kichida
|
0-0: Ball 1-0: Ball 2-0: Ground out 4-3 (Groundball, 4)
|
Batting: RHB Edouard Padovano
|
0-0: Foul Ball, location: 2F 0-1: Ball 1-1: Ball 2-1: Foul Ball, location: 2F 2-2: Ball 3-2: Base on Balls
|
Batting: LHB Miguel Pérez
|
0-0: Ball 1-0: Ground out 5-3 (Groundball, 5S)
|
Bottom of the 6th over - 0 run(s), 0 hit(s), 0 error(s), 1 left on base; Orlando 0 - Austin 2 |
TOP OF THE 7TH |
Orlando Calrissian batting - Pitching for Austin River Sharks : LHP Walter Bamber
|
Batting: RHB Jesús Maes
|
0-0: Called Strike 0-1: Ball 1-1: Ball 2-1: Ground out 6-3 (Groundball, 56)
|
Batting: LHB Santiago Márquez
|
0-0: Foul Ball, location: 2F 0-1: Called Strike 0-2: Strikes out swinging
|
Batting: SHB Mark Simmons
|
0-0: Foul Ball, location: 2F 0-1: Ball 1-1: Called Strike 1-2: Fly out, F4 (Line Drive, 4M)
|
Top of the 7th over - 0 run(s), 0 hit(s), 0 error(s), 0 left on base; Orlando 0 - Austin 2 |
BOTTOM OF THE 7TH |
Austin River Sharks batting - Pitching for Orlando Calrissian : RHP Dema Mitenkov
|
Batting: LHB Luis Padilla
|
0-0: Ball 1-0: Called Strike 1-1: SINGLE (Line Drive, 3)
|
Batting: LHB Roberto García
|
0-0: Called Strike 0-1: Foul Ball, location: 2F 0-2: 2-RUN HOME RUN (Line Drive, 7D), Distance : 408 ft
|
Batting: LHB Pedro Zaragoza
|
0-0: Called Strike 0-1: Ball 1-1: Ball 2-1: SOLO HOME RUN (Flyball, 7D), Distance : 394 ft
|
Batting: SHB Juan Castro
|
0-0: Ball 1-0: Ground out 4-3 (Groundball, 4)
|
Batting: RHB Rich Ruffin
|
0-0: Ball 1-0: Ground out 4-3 (Groundball, 4)
|
Batting: RHB Kenneth Roberts
|
0-0: Ball 1-0: Ball 2-0: Called Strike 2-1: Ground out 6-3 (Groundball, 6M)
|
Bottom of the 7th over - 3 run(s), 3 hit(s), 0 error(s), 0 left on base; Orlando 0 - Austin 5 |
TOP OF THE 8TH |
Orlando Calrissian batting - Pitching for Austin River Sharks : LHP Walter Bamber
|
Batting: LHB Rubén Díaz
|
0-0: Called Strike 0-1: Ball 1-1: Ball 2-1: Fly out, F8 (Flyball, 8LS)
|
Batting: RHB Jorge Rodríguez
|
0-0: Ground out 4-3 (Groundball, 4)
|
Batting: LHB Bryan Foster
|
0-0: SINGLE (Line Drive, 78M)
|
Batting: SHB Tim Abbott
|
0-0: SINGLE (Flyball, 89S) Bryan Foster to second Runner from 2nd tries for 3rd, SAFE, throw made to third
|
Batting: RHB Eugene Gill
|
0-0: Swinging Strike 0-1: Foul Ball, location: 2F 0-2: Ball 1-2: Foul Ball, location: 2F 1-2: Strikes out swinging
|
Top of the 8th over - 0 run(s), 2 hit(s), 0 error(s), 2 left on base; Orlando 0 - Austin 5 |
BOTTOM OF THE 8TH |
Austin River Sharks batting - Pitching for Orlando Calrissian : RHP Dema Mitenkov
|
Pitching: RHP Yodo Nishikawa
|
|
Batting: RHB Hidetada Kichida
|
0-0: Ball 1-0: Ball 2-0: Foul Ball, location: 2F 2-1: Ground out 6-3 (Groundball, 6)
|
Batting: RHB Edouard Padovano
|
0-0: SINGLE (Groundball, 5L)
|
Batting: LHB Miguel Pérez
|
0-0: Foul Ball, location: 2F 0-1: Foul Ball, location: 2F 0-2: Ball 1-2: SINGLE (Groundball, 34) Edouard Padovano to second Runner from 2nd tries for 3rd, SAFE, throw made to third Miguel Pérez to second
|
Batting: LHB Luis Padilla
|
0-0: Ball 1-0: Ball 2-0: Ball 3-0: Called Strike 3-1: Foul Ball, location: 2F 3-2: Foul Ball, location: 2F 3-2: Base on Balls
|
Batting: LHB Roberto García
|
0-0: Called Strike 0-1: Grounds into double play, 6-4-3 (Groundball, 6)
|
Bottom of the 8th over - 0 run(s), 2 hit(s), 0 error(s), 2 left on base; Orlando 0 - Austin 5 |
TOP OF THE 9TH |
Orlando Calrissian batting - Pitching for Austin River Sharks : LHP Walter Bamber
|
Pitching: RHP Daniel Morris
|
|
Batting: LHB Leo Wyeth
|
0-0: Ball 1-0: Foul Ball, location: 2F 1-1: Ground out 4-3 (Groundball, 4)
|
Batting: RHB Jesús Maes
|
0-0: Ball 1-0: Ground out 1-3 (Groundball, 13S)
|
Batting: LHB Santiago Márquez
|
0-0: Called Strike 0-1: SOLO HOME RUN (Flyball, 9D), Distance : 391 ft
|
Batting: SHB Mark Simmons
|
0-0: Ball 1-0: Ball 2-0: Called Strike 2-1: Ground out 4-3 (Groundball, 4M)
|
Top of the 9th over - 1 run(s), 1 hit(s), 0 error(s), 0 left on base; Orlando 1 - Austin 5 |
|